Oilers vs Kings

Created - Monday, October 13, 2014 at 02:22

Goals
1 2 3 OT1 T
Oilers 0 1 0 0 1
Kings 0 1 0 1 2
Shots
1 2 3 OT1 T
Oilers 5 6 10 0 21
Kings 6 15 7 3 31

1st period

No Goal

Penalties :
Ryan Johansen (LA ) for Hooking (Minor) at 1:13, Adam McQuaid (LA ) for Tripping (Minor) at 3:54, Alexander Edler (Edm) for Cross-checking (Minor) at 10:18, Chris Stewart (Edm) for Tripping (Minor) at 13:10

2nd period

1. Oilers , Darren Helm 1 (Vladimir Sobotka, Mikkel Boedker) at 5:51 (PP)
2. Kings , Tomas Kopecky 1 (Adam McQuaid, Henrik Tallinder) at 6:23

Penalties :
Ladislav Smid (LA ) for High sticking (Minor) at 3:55, Mikkel Boedker (Edm) for Hooking (Minor) at 9:59, Chris Stewart (Edm) for Interference (Minor) at 16:13

3rd period

No Goal

Penalties :
No Penalty

Overtime #1

3. Kings , Tyler Seguin 4 (Henrik Tallinder) at 1:01

Penalties :
No Penalty

Goalie Stats

Roberto Luongo (Edm), 29 saves from 31 shots - (0.935), OTL, 1-1-1, 61:01 minutes
Tuukka Rask (LA ), 20 saves from 21 shots - (0.952), W, 4-0-0, 61:01 minutes

Players Stats for Oilers

Player Name              G  A  P  +/- PIM S  H  SB GA TA FO     MP     PP MP  PK MP  
------------------------------------------------------------------------------------
Ales Hemsky              0  0  0  -1  0   2  0  2  3  0  0/0    16:52   2:53   0:38 
Alexander Edler          0  0  0  -2  2   2  2  1  0  0  0/0    18:06   0:00   3:33 
Alexander Semin          0  0  0  -1  0   1  2  0  2  0  1/1    16:49   2:56   0:00 
Andrej Sekera            0  0  0  -2  0   2  0  3  2  1  0/0    22:00   3:01   3:55 
Andrew Ladd              0  0  0   0  0   0  1  1  0  0  0/1    21:03   2:56   4:43 
Andrew MacDonald         0  0  0   0  0   0  0  0  0  1  0/0    24:35   2:53   4:01 
Brayden Schenn           0  0  0  -1  0   1  1  0  4  0  0/0    12:52   0:00   0:00 
Chris Stewart            0  0  0   0  4   1  0  0  0  0  0/0     8:32   0:00   0:00 
Darren Helm              1  0  1   0  0   8  4  0  1  0  0/0    17:56   2:58   2:13 
David Schlemko           0  0  0   0  0   0  0  0  0  3  0/0    14:53   0:00   0:22 
John-Michael Liles       0  0  0   0  0   0  0  1  0  0  0/0    14:26   0:00   0:00 
Kimmo Timonen            0  0  0   0  0   3  3  2  0  0  0/0    25:13   3:01   4:01 
Mikkel Boedker           0  1  1   0  2   0  1  0  1  0  1/2    15:00   2:58   0:00 
Nicklas Backstrom        0  0  0  -1  0   0  0  0  4  0  8/17   21:37   2:56   0:00 
Ryan Wilson              0  0  0   0  0   0  0  0  0  0  0/0     0:00   0:00   0:00 
Saku Koivu               0  0  0  -1  0   0  0  1  0  1  5/8    16:27   0:00   3:24 
Torrey Mitchell          0  0  0   0  0   1  0  0  0  0  0/0     9:33   0:00   0:15 
Vladimir Sobotka         0  1  1   0  0   0  2  0  2  0  6/13   20:10   2:58   4:39 

Players Stats for Kings

Player Name              G  A  P  +/- PIM S  H  SB GA TA FO     MP     PP MP  PK MP  
------------------------------------------------------------------------------------
Adam McQuaid             0  1  1   1  2   3  2  0  0  1  0/0    12:42   0:00   0:00 
Cam Fowler               0  0  0   0  0   3  0  1  1  3  0/0    26:32   3:25   2:48 
Carl Soderberg           0  0  0   1  0   3  0  0  0  0  0/1    18:38   4:00   0:09 
Duncan Keith             0  0  0   0  0   1  1  2  0  1  0/0    20:42   0:00   3:06 
Henrik Tallinder         0  2  2   2  0   2  2  2  0  0  0/0    17:52   4:31   0:00 
John Erskine             0  0  0   0  0   0  0  0  0  0  0/0     0:00   0:00   0:00 
Keith Yandle             0  0  0   0  0   1  0  2  0  1  0/0    24:51   3:25   4:07 
Ladislav Smid            0  0  0   1  2   2  1  3  1  2  0/0    20:30   4:31   1:47 
Matt Cullen              0  0  0   0  0   0  0  0  0  0  0/0    14:24   0:00   0:00 
Mika Zibanejad           0  0  0   1  0   1  5  0  0  1  1/1    22:15   3:56   4:05 
Mikhail Grigorenko       0  0  0   0  0   0  0  0  0  0  0/0     1:56   0:00   0:00 
Milan Lucic              0  0  0   0  0   7  1  0  3  1  0/1    18:45   4:22   1:40 
Ryan Johansen            0  0  0   1  2   1  3  1  0  0  1/2    20:02   3:34   0:47 
Ryan Malone              0  0  0   0  0   0  0  0  0  0  0/0     6:38   0:00   0:00 
Tomas Kopecky            1  0  1   1  0   1  1  0  0  1  4/10   14:48   0:00   0:00 
Tyler Seguin             1  0  1   1  0   3  0  0  5  0  10/16  23:32   3:38   4:10 
Vincent Trocheck         0  0  0   0  0   2  1  0  1  1  2/3    17:25   0:44   0:57 
Vladislav Namestnikov    0  0  0   0  0   1  3  2  0  0  3/8    16:35   3:34   0:00 

3 Stars

1 - Henrik Tallinder (LA )
2 - Tuukka Rask (LA )
3 - Darren Helm (Edm)

Power Play

Oilers - 1 on 3 Attempt(s) - 33.33%
Kings - 0 on 4 Attempt(s) - 0.00%

Penalty Kill

Oilers - 4 on 4 Attempt(s) - 100.00% - Score 0 goal in Penalty Kill
Kings - 2 on 3 Attempt(s) - 66.67% - Score 0 goal in Penalty Kill

Official

Referees : Unknown
Linesman : Unknown

Game Notes

No Game Note

Finance

Level 1 -- Attendance: 5920 (98.67%) -- Ticket Income $532,800
Level 2 -- Attendance: 3932 (78.64%) -- Ticket Income $224,124
Level 3 -- Attendance: 1978 (98.90%) -- Ticket Income $63,296
Level 4 -- Attendance: 3768 (94.20%) -- Ticket Income $67,824
Luxury Box -- Attendance: 841 (84.10%) -- Ticket Income $159,790
Game was played at the Staples Center
Total Attendance: 16439 (91.33%)
Total Ticket Income: $1,047,834
Other Income: $513,439
Total Income: $1,561,273

Oilers

5 vs 5 Forward 
   Center                   Left Wing                Right Wing               Time % Phy DF OF 
 1 Nicklas Backstrom        Andrew Ladd              Alexander Semin          35     0   1  4  
 2 Vladimir Sobotka         Darren Helm              Mikkel Boedker           30     1   1  3  
 3 Saku Koivu               Brayden Schenn           Ales Hemsky              30     0   1  4  
 4 Nicklas Backstrom        Torrey Mitchell          Chris Stewart            5      1   1  3  

5 vs 5 Defense 
   Defense                  Defense                                           Time % Phy DF OF 
 1 Kimmo Timonen            Andrew MacDonald                                  40     1   4  0  
 2 Alexander Edler          Andrej Sekera                                     30     1   4  0  
 3 John-Michael Liles       David Schlemko                                    20     1   4  0  
 4 Alexander Edler          Andrej Sekera                                     10     1   4  0  

PowerPlay Forward 
   Center                   Left Wing                Right Wing               Time % Phy DF OF 
 1 Nicklas Backstrom        Andrew Ladd              Alexander Semin          60     1   0  4  
 2 Vladimir Sobotka         Darren Helm              Mikkel Boedker           40     1   0  4  

PowerPlay Defense
   Defense                  Defense                                           Time % Phy DF OF 
 1 Kimmo Timonen            Andrej Sekera                                     60     1   1  3  
 2 Ales Hemsky              Andrew MacDonald                                  40     1   1  3  

Penalty Kill 4 Players Forward 
   Center                   Wing                     Time % Phy DF OF 
 1 Vladimir Sobotka         Andrew Ladd              60     1   4  0  
 2 Saku Koivu               Darren Helm              40     1   4  0  

Penalty Kill 4 Players Defense
   Defense                  Defense                  Time % Phy DF OF 
 1 Kimmo Timonen            Andrew MacDonald         50     1   4  0  
 2 Alexander Edler          Andrej Sekera            50     1   4  0  

Penalty Kill - 3 Players Forward 
   Forward                                           Time % Phy DF OF 
 1 Vladimir Sobotka                                  60     1   4  0  
 2 Saku Koivu                                        40     1   4  0  

Penalty Kill - 3 Players Defense
   Defense                  Defense                  Time % Phy DF OF 
 1 Kimmo Timonen            Andrew MacDonald         50     1   4  0  
 2 Alexander Edler          Andrej Sekera            50     1   4  0  

4 vs 4 Forward 
   Center                   Wing                     Time % Phy DF OF 
 1 Nicklas Backstrom        Alexander Semin          60     1   0  4  
 2 Vladimir Sobotka         Andrew Ladd              40     1   1  3  

4 vs 4 Defense
   Defense                  Defense                  Time % Phy DF OF 
 1 Kimmo Timonen            Andrew MacDonald         50     1   4  0  
 2 Alexander Edler          Andrej Sekera            50     1   4  0  

Last Minutes Offensive
   Center                   Left Wing                Right Wing               Defense                  Defense                  
   Nicklas Backstrom        Andrew Ladd              Alexander Semin          Kimmo Timonen            Andrej Sekera            

Last Minutes Defensive
   Center                   Left Wing                Right Wing               Defense                  Defense                  
   Vladimir Sobotka         Andrew Ladd              Darren Helm              Kimmo Timonen            Andrew MacDonald         

Goaltenders
Starting : Roberto Luongo           
Backup : Jean-Sebastien Giguere   

Extra Forwards
Normal : Ales Hemsky, Darren Helm, Saku Koivu - PP : Ales Hemsky, Darren Helm - PK : Saku Koivu
Extra Defensemen
Normal : John-Michael Liles, David Schlemko, Ryan Wilson - PP : John-Michael Liles - PK : David Schlemko, Ryan Wilson
Penalty Shots
Nicklas Backstrom, Andrew Ladd, Saku Koivu, Ales Hemsky, Alexander Semin

Kings

5 vs 5 Forward 
   Center                   Left Wing                Right Wing               Time % Phy DF OF 
 1 Tyler Seguin             Milan Lucic              Mika Zibanejad           35     1   2  2  
 2 Tomas Kopecky            Carl Soderberg           Ryan Johansen            30     1   2  2  
 3 Ryan Johansen            Ryan Malone              Tyler Seguin             22     1   2  2  
 4 Vladislav Namestnikov    Matt Cullen              Vincent Trocheck         13     1   2  2  

5 vs 5 Defense 
   Defense                  Defense                                           Time % Phy DF OF 
 1 Cam Fowler               Keith Yandle                                      35     1   2  2  
 2 Ladislav Smid            Duncan Keith                                      30     1   2  2  
 3 Henrik Tallinder         Adam McQuaid                                      22     1   2  2  
 4 Duncan Keith             Cam Fowler                                        13     1   2  2  

PowerPlay Forward 
   Center                   Left Wing                Right Wing               Time % Phy DF OF 
 1 Tyler Seguin             Milan Lucic              Mika Zibanejad           60     1   2  2  
 2 Vladislav Namestnikov    Carl Soderberg           Ryan Johansen            40     1   2  2  

PowerPlay Defense
   Defense                  Defense                                           Time % Phy DF OF 
 1 Cam Fowler               Keith Yandle                                      60     1   2  2  
 2 Ladislav Smid            Henrik Tallinder                                  40     1   2  2  

Penalty Kill 4 Players Forward 
   Center                   Wing                     Time % Phy DF OF 
 1 Tyler Seguin             Mika Zibanejad           60     1   2  2  
 2 Ryan Johansen            Milan Lucic              40     1   2  2  

Penalty Kill 4 Players Defense
   Defense                  Defense                  Time % Phy DF OF 
 1 Cam Fowler               Keith Yandle             60     1   2  2  
 2 Ladislav Smid            Duncan Keith             40     1   2  2  

Penalty Kill - 3 Players Forward 
   Forward                                           Time % Phy DF OF 
 1 Tyler Seguin                                      60     1   2  2  
 2 Milan Lucic                                       40     1   2  2  

Penalty Kill - 3 Players Defense
   Defense                  Defense                  Time % Phy DF OF 
 1 Cam Fowler               Keith Yandle             60     1   2  2  
 2 Ladislav Smid            Duncan Keith             40     1   2  2  

4 vs 4 Forward 
   Center                   Wing                     Time % Phy DF OF 
 1 Tyler Seguin             Mika Zibanejad           60     1   2  2  
 2 Ryan Johansen            Milan Lucic              40     1   2  2  

4 vs 4 Defense
   Defense                  Defense                  Time % Phy DF OF 
 1 Cam Fowler               Keith Yandle             60     1   2  2  
 2 Ladislav Smid            Henrik Tallinder         40     1   2  2  

Last Minutes Offensive
   Center                   Left Wing                Right Wing               Defense                  Defense                  
   Tyler Seguin             Milan Lucic              Mika Zibanejad           Cam Fowler               Keith Yandle             

Last Minutes Defensive
   Center                   Left Wing                Right Wing               Defense                  Defense                  
   Tyler Seguin             Milan Lucic              Mika Zibanejad           Cam Fowler               Keith Yandle             

Goaltenders
Starting : Tuukka Rask              
Backup : Jonas Gustavsson         

Extra Forwards
Normal : Milan Lucic, Vladislav Namestnikov, Tyler Seguin - PP : Tyler Seguin, Vladislav Namestnikov - PK : Tyler Seguin
Extra Defensemen
Normal : Henrik Tallinder, Cam Fowler, Keith Yandle - PP : Henrik Tallinder - PK : Keith Yandle, Cam Fowler
Penalty Shots
Tyler Seguin, Vladislav Namestnikov, Ryan Johansen, Milan Lucic, Mika Zibanejad

% Time on Ice - Oilers

Lines # - Real PCT - Wanted PCT - Time Play
Normal Forward
1 - 29% - 35% - 13:24
2 - 26% - 30% - 11:59
3 - 28% - 30% - 12:52
4 - 17% - 5% - 7:55
Normal Defense
1 - 38% - 40% - 17:27
2 - 29% - 30% - 13:31
3 - 31% - 20% - 14:26
4 - 2% - 10% - 0:46
PP Forward
1 - 50% - 60% - 2:56
2 - 50% - 40% - 2:58
PP Defense
1 - 51% - 60% - 3:01
2 - 49% - 40% - 2:53
PK Forward
1 - 72% - 60% - 5:43
2 - 28% - 40% - 2:13
PK Defense
1 - 51% - 50% - 4:01
2 - 49% - 50% - 3:55
PK3 Forward
1 - 0% - 60%
2 - 0% - 40%
PK3 Defense
1 - 0% - 50%
2 - 0% - 50%
44 Forward
1 - 100% - 60% - 1:01
2 - 0% - 40% - 0:00
44 Defense
1 - 72% - 50% - 0:44
2 - 28% - 50% - 0:17
Last Minute Offensive  - 0:00
Last Minute Defensive  - 0:00
Total
Forward - 61:01
Defense - 61:01

% Time on Ice - Kings

Lines # - Real PCT - Wanted PCT - Time Play
Normal Forward
1 - 29% - 35% - 13:27
2 - 29% - 30% - 13:23
3 - 14% - 22% - 6:38
4 - 28% - 13% - 12:42
Normal Defense
1 - 36% - 35% - 16:35
2 - 30% - 30% - 13:56
3 - 27% - 22% - 12:39
4 - 6% - 13% - 3:00
PP Forward
1 - 55% - 60% - 4:22
2 - 45% - 40% - 3:34
PP Defense
1 - 43% - 60% - 3:25
2 - 57% - 40% - 4:31
PK Forward
1 - 72% - 60% - 4:14
2 - 28% - 40% - 1:40
PK Defense
1 - 47% - 60% - 2:48
2 - 53% - 40% - 3:06
PK3 Forward
1 - 0% - 60%
2 - 0% - 40%
PK3 Defense
1 - 0% - 60%
2 - 0% - 40%
44 Forward
1 - 100% - 60% - 1:01
2 - 0% - 40% - 0:00
44 Defense
1 - 72% - 60% - 0:44
2 - 28% - 40% - 0:17
Last Minute Offensive  - 0:00
Last Minute Defensive  - 0:00
Total
Forward - 61:01
Defense - 61:01

Play by Play

1st period


0:01 of 1st period - Nicklas Backstrom wins face-off versus Tyler Seguin in neutral zone.
0:48 of 1st period - Andrew MacDonald is hit by Mika Zibanejad and loses puck.
1:05 of 1st period - Wrist shot by Carl Soderberg.
1:05 of 1st period - Stopped by Roberto Luongo without a rebound.
1:06 of 1st period - Saku Koivu wins face-off versus Carl Soderberg in Oilers zone.
1:06 of 1st period - Saku Koivu is hit by Tomas Kopecky.
1:13 of 1st period - Minor Penalty to Ryan Johansen for Hooking.
1:14 of 1st period - Tyler Seguin wins face-off versus Nicklas Backstrom in Kings zone.
1:41 of 1st period - Off-side.
1:42 of 1st period - Vladimir Sobotka wins face-off versus Vincent Trocheck in neutral zone.
3:08 of 1st period - Wrist shot by Milan Lucic.
3:08 of 1st period - Stopped by Roberto Luongo with a rebound.
3:13 of 1st period - Penalty to Ryan Johansen is over, Ryan Johansen is back on ice.
3:31 of 1st period - Slapshot by Andrej Sekera.
3:31 of 1st period - Shot Blocked by Ryan Johansen.
3:33 of 1st period - Slapshot by Kimmo Timonen.
3:33 of 1st period - Stopped by Tuukka Rask without a rebound.
3:34 of 1st period - Saku Koivu wins face-off versus Tomas Kopecky in Kings zone.
3:54 of 1st period - Minor Penalty to Adam McQuaid for Tripping.
3:55 of 1st period - Tyler Seguin wins face-off versus Andrew Ladd in Kings zone.
4:32 of 1st period - Snap shot by Alexander Semin.
4:32 of 1st period - Shot Misses the Net.
4:42 of 1st period - Andrej Sekera is hit by Ryan Johansen.
5:04 of 1st period - Wrist shot by Mika Zibanejad.
5:04 of 1st period - Shot Blocked by Ales Hemsky.
5:06 of 1st period - Slapshot by Duncan Keith.
5:06 of 1st period - Stopped by Roberto Luongo with a rebound.
5:24 of 1st period - Nicklas Backstrom is hit by Milan Lucic and loses puck.
5:54 of 1st period - Penalty to Adam McQuaid is over, Adam McQuaid is back on ice.
6:28 of 1st period - Wrist shot by Matt Cullen.
6:28 of 1st period - Deflect By Vincent Trocheck.
6:28 of 1st period - Shot Blocked by John-Michael Liles.
6:28 of 1st period - Puck is out of play.
6:29 of 1st period - Nicklas Backstrom wins face-off versus Tomas Kopecky in Oilers zone.
6:52 of 1st period - Ladislav Smid is hit by Alexander Edler and loses puck.
7:16 of 1st period - Andrew MacDonald is hit by Duncan Keith and loses puck.
9:47 of 1st period - Backhand shot by Nicklas Backstrom.
9:47 of 1st period - Shot Misses the Net.
9:49 of 1st period - Slapshot by Torrey Mitchell.
9:49 of 1st period - Stopped by Tuukka Rask without a rebound.
9:50 of 1st period - Nicklas Backstrom wins face-off versus Vladislav Namestnikov in Kings zone.
9:57 of 1st period - Backhand shot by Chris Stewart.
9:57 of 1st period - Shot Misses the Net.
9:59 of 1st period - Snap shot by Torrey Mitchell.
9:59 of 1st period - Shot Blocked by Keith Yandle.
10:18 of 1st period - Minor Penalty to Alexander Edler for Cross-checking.
10:19 of 1st period - Tyler Seguin wins face-off versus Vladimir Sobotka in Oilers zone.
10:42 of 1st period - Snap shot by Andrew Ladd.
10:42 of 1st period - Shot Blocked by Cam Fowler.
10:44 of 1st period - Slapshot by Kimmo Timonen.
10:44 of 1st period - Stopped by Tuukka Rask with a rebound.
12:05 of 1st period - Andrew Ladd is hit by Mika Zibanejad and loses puck.
12:18 of 1st period - Penalty to Alexander Edler is over, Alexander Edler is back on ice.
12:22 of 1st period - David Schlemko is hit by Vladislav Namestnikov.
12:28 of 1st period - Snap shot by Saku Koivu.
12:28 of 1st period - Deflect By Ales Hemsky.
12:28 of 1st period - Shot Misses the Net.
12:28 of 1st period - Puck is out of play.
12:29 of 1st period - Nicklas Backstrom wins face-off versus Vladislav Namestnikov in Kings zone.
12:32 of 1st period - Slapshot by Chris Stewart.
12:32 of 1st period - Stopped by Tuukka Rask with a rebound.
12:54 of 1st period - Snap shot by Matt Cullen.
12:54 of 1st period - Shot Misses the Net.
13:10 of 1st period - Minor Penalty to Chris Stewart for Tripping.
13:11 of 1st period - Tyler Seguin wins face-off versus Vladimir Sobotka in Oilers zone.
13:49 of 1st period - Slapshot by Keith Yandle.
13:49 of 1st period - Deflect By Ryan Johansen.
13:49 of 1st period - Shot Blocked by Saku Koivu.
13:49 of 1st period - Puck is out of play.
13:50 of 1st period - Saku Koivu wins face-off versus Vladislav Namestnikov in Oilers zone.
13:55 of 1st period - Henrik Tallinder is hit by Darren Helm and loses puck.
14:26 of 1st period - Andrew MacDonald is hit by Henrik Tallinder and loses puck.
14:47 of 1st period - Andrew MacDonald is hit by Vladislav Namestnikov and loses puck.
15:05 of 1st period - Keith Yandle is hit by Kimmo Timonen and loses puck.
15:10 of 1st period - Penalty to Chris Stewart is over, Chris Stewart is back on ice.
16:39 of 1st period - Slapshot by Darren Helm.
16:39 of 1st period - Stopped by Tuukka Rask without a rebound.
16:40 of 1st period - Vincent Trocheck wins face-off versus Vladimir Sobotka in Kings zone.
17:01 of 1st period - Snap shot by Vincent Trocheck.
17:01 of 1st period - Stopped by Roberto Luongo with a rebound.
17:03 of 1st period - Slapshot by Henrik Tallinder.
17:03 of 1st period - Shot Misses the Net.
17:05 of 1st period - Slapshot by Adam McQuaid.
17:05 of 1st period - Stopped by Roberto Luongo without a rebound.
17:06 of 1st period - Vincent Trocheck wins face-off versus Nicklas Backstrom in Oilers zone.
17:25 of 1st period - Wrist shot by Keith Yandle.
17:25 of 1st period - Stopped by Roberto Luongo with a rebound.
17:41 of 1st period - Slapshot by Alexander Semin.
17:41 of 1st period - Shot Misses the Net.
Goals for this period are 0 for Oilers vs 0 for Kings.
Shots for this period are 5 for Oilers vs 6 for Kings.

2nd period


0:01 of 2nd period - Nicklas Backstrom wins face-off versus Tyler Seguin in neutral zone.
0:04 of 2nd period - Tyler Seguin is hit by Andrew Ladd and loses puck.
0:29 of 2nd period - Snap shot by Milan Lucic.
0:29 of 2nd period - Stopped by Roberto Luongo with a rebound.
0:31 of 2nd period - Wrist shot by Ladislav Smid.
0:31 of 2nd period - Stopped by Roberto Luongo with a rebound.
0:33 of 2nd period - Snap shot by Mika Zibanejad.
0:33 of 2nd period - Shot Blocked by Andrew Ladd.
0:35 of 2nd period - Wrist shot by Milan Lucic.
0:35 of 2nd period - Stopped by Roberto Luongo without a rebound.
0:36 of 2nd period - Vladimir Sobotka wins face-off versus Tomas Kopecky in Oilers zone.
0:59 of 2nd period - Wrist shot by Darren Helm.
0:59 of 2nd period - Stopped by Tuukka Rask with a rebound.
1:05 of 2nd period - Mikkel Boedker is hit by Ryan Johansen and loses puck.
1:12 of 2nd period - Slapshot by Carl Soderberg.
1:12 of 2nd period - Shot Blocked by Alexander Edler.
1:14 of 2nd period - Snap shot by Tomas Kopecky.
1:14 of 2nd period - Shot Misses the Net.
1:32 of 2nd period - Snap shot by Matt Cullen.
1:32 of 2nd period - Shot Misses the Net.
1:34 of 2nd period - Slapshot by Ladislav Smid.
1:34 of 2nd period - Shot Misses the Net.
1:36 of 2nd period - Slapshot by Vincent Trocheck.
1:36 of 2nd period - Stopped by Roberto Luongo with a rebound.
1:38 of 2nd period - Slapshot by Duncan Keith.
1:38 of 2nd period - Shot Blocked by Andrej Sekera.
1:40 of 2nd period - Slapshot by Ladislav Smid.
1:40 of 2nd period - Deflect By Alexander Edler.
1:40 of 2nd period - Stopped by Roberto Luongo with a rebound.
1:42 of 2nd period - Wrist shot by Vladislav Namestnikov.
1:42 of 2nd period - Stopped by Roberto Luongo without a rebound.
1:43 of 2nd period - Tyler Seguin wins face-off versus Nicklas Backstrom in Oilers zone.
1:54 of 2nd period - Wrist shot by Milan Lucic.
1:54 of 2nd period - Stopped by Roberto Luongo without a rebound.
1:55 of 2nd period - Nicklas Backstrom wins face-off versus Milan Lucic in Oilers zone.
2:22 of 2nd period - Slapshot by Mika Zibanejad.
2:22 of 2nd period - Stopped by Roberto Luongo without a rebound.
2:23 of 2nd period - Tomas Kopecky wins face-off versus Saku Koivu in Oilers zone.
2:32 of 2nd period - Slapshot by Carl Soderberg.
2:32 of 2nd period - Stopped by Roberto Luongo with a rebound.
3:55 of 2nd period - Minor Penalty to Ladislav Smid for High sticking.
3:56 of 2nd period - Vladimir Sobotka wins face-off versus Tyler Seguin in Kings zone.
4:26 of 2nd period - Wrist shot by Darren Helm.
4:26 of 2nd period - Stopped by Tuukka Rask with a rebound.
4:28 of 2nd period - Slapshot by Kimmo Timonen.
4:28 of 2nd period - Stopped by Tuukka Rask with a rebound.
4:30 of 2nd period - Snap shot by Darren Helm.
4:30 of 2nd period - Stopped by Tuukka Rask with a rebound.
4:32 of 2nd period - Snap shot by Darren Helm.
4:32 of 2nd period - Stopped by Tuukka Rask without a rebound.
4:33 of 2nd period - Nicklas Backstrom wins face-off versus Tyler Seguin in Kings zone.
4:46 of 2nd period - Snap shot by Andrew Ladd.
4:46 of 2nd period - Deflect By Keith Yandle.
4:46 of 2nd period - Shot Blocked by Duncan Keith.
4:46 of 2nd period - Puck is out of play.
4:47 of 2nd period - Tyler Seguin wins face-off versus Nicklas Backstrom in Kings zone.
4:52 of 2nd period - Nicklas Backstrom is hit by Mika Zibanejad and loses puck.
5:51 of 2nd period - Snap shot by Darren Helm.
5:51 of 2nd period - Deflect By Duncan Keith.
5:51 of 2nd period - Goal by Darren Helm - Oilers : 1 - Kings : 0.
5:52 of 2nd period - Saku Koivu wins face-off versus Tomas Kopecky in neutral zone.
6:03 of 2nd period - Snap shot by Brayden Schenn.
6:03 of 2nd period - Shot Misses the Net.
6:09 of 2nd period - Wrist shot by Carl Soderberg.
6:09 of 2nd period - Shot Misses the Net.
6:11 of 2nd period - Slapshot by Henrik Tallinder.
6:11 of 2nd period - Shot Misses the Net.
6:13 of 2nd period - Wrist shot by Carl Soderberg.
6:13 of 2nd period - Shot Blocked by Andrej Sekera.
6:15 of 2nd period - Slapshot by Henrik Tallinder.
6:15 of 2nd period - Stopped by Roberto Luongo with a rebound.
6:17 of 2nd period - Slapshot by Henrik Tallinder.
6:17 of 2nd period - Shot Blocked by Andrej Sekera.
6:19 of 2nd period - Slapshot by Henrik Tallinder.
6:19 of 2nd period - Shot Blocked by Ales Hemsky.
6:21 of 2nd period - Slapshot by Adam McQuaid.
6:21 of 2nd period - Stopped by Roberto Luongo with a rebound.
6:23 of 2nd period - Wrist shot by Tomas Kopecky.
6:23 of 2nd period - Goal by Tomas Kopecky - Oilers : 1 - Kings : 1.
6:24 of 2nd period - Vladislav Namestnikov wins face-off versus Nicklas Backstrom in neutral zone.
6:27 of 2nd period - Slapshot by Cam Fowler.
6:27 of 2nd period - Stopped by Roberto Luongo with a rebound.
6:57 of 2nd period - Snap shot by Nicklas Backstrom.
6:57 of 2nd period - Shot Misses the Net.
6:59 of 2nd period - Slapshot by Andrew MacDonald.
6:59 of 2nd period - Shot Misses the Net.
7:46 of 2nd period - Cam Fowler is hit by Darren Helm and loses puck.
9:57 of 2nd period - Wrist shot by Tomas Kopecky.
9:57 of 2nd period - Shot Misses the Net.
9:59 of 2nd period - Minor Penalty to Mikkel Boedker for Hooking.
10:00 of 2nd period - Vladimir Sobotka wins face-off versus Vladislav Namestnikov in Oilers zone.
10:13 of 2nd period - Wrist shot by Carl Soderberg.
10:13 of 2nd period - Stopped by Roberto Luongo without a rebound.
10:14 of 2nd period - Vladislav Namestnikov wins face-off versus Vladimir Sobotka in Oilers zone.
11:17 of 2nd period - Snap shot by Vladimir Sobotka.
11:17 of 2nd period - Shot Blocked by Henrik Tallinder.
11:43 of 2nd period - Slapshot by Kimmo Timonen.
11:43 of 2nd period - Shot Misses the Net.
11:45 of 2nd period - Wrist shot by Saku Koivu.
11:45 of 2nd period - Shot Blocked by Ladislav Smid.
11:47 of 2nd period - Wrist shot by Saku Koivu.
11:47 of 2nd period - Shot Misses the Net.
11:59 of 2nd period - Penalty to Mikkel Boedker is over, Mikkel Boedker is back on ice.
12:58 of 2nd period - Ladislav Smid is hit by Brayden Schenn and loses puck.
13:24 of 2nd period - Ryan Johansen is hit by Vladimir Sobotka and loses puck.
14:34 of 2nd period - Snap shot by Tyler Seguin.
14:34 of 2nd period - Shot Misses the Net.
14:38 of 2nd period - Snap shot by Tyler Seguin.
14:38 of 2nd period - Deflect By Ryan Johansen.
14:38 of 2nd period - Shot Misses the Net.
14:38 of 2nd period - Puck is out of play.
14:39 of 2nd period - Ryan Johansen wins face-off versus Mikkel Boedker in Oilers zone.
14:52 of 2nd period - Wrist shot by Darren Helm.
14:52 of 2nd period - Deflect By Vladimir Sobotka.
14:52 of 2nd period - Shot Blocked by Duncan Keith.
14:52 of 2nd period - Puck is out of play.
14:53 of 2nd period - Vladimir Sobotka wins face-off versus Vladislav Namestnikov in Kings zone.
14:54 of 2nd period - Wrist shot by Darren Helm.
14:54 of 2nd period - Shot Blocked by Vladislav Namestnikov.
14:56 of 2nd period - Snap shot by Darren Helm.
14:56 of 2nd period - Shot Misses the Net.
14:58 of 2nd period - Snap shot by Vladimir Sobotka.
14:58 of 2nd period - Shot Blocked by Vladislav Namestnikov.
15:28 of 2nd period - Wrist shot by Tyler Seguin.
15:28 of 2nd period - Stopped by Roberto Luongo with a rebound.
16:13 of 2nd period - Minor Penalty to Chris Stewart for Interference.
16:14 of 2nd period - Vladimir Sobotka wins face-off versus Tyler Seguin in Oilers zone.
16:52 of 2nd period - Cam Fowler is hit by Alexander Edler.
17:26 of 2nd period - Henrik Tallinder is hit by Darren Helm and loses puck.
17:38 of 2nd period - Andrej Sekera is hit by Henrik Tallinder and loses puck.
18:13 of 2nd period - Penalty to Chris Stewart is over, Chris Stewart is back on ice.
18:25 of 2nd period - Torrey Mitchell is hit by Ladislav Smid and loses puck.
18:42 of 2nd period - Slapshot by Duncan Keith.
18:42 of 2nd period - Shot Blocked by Kimmo Timonen.
19:00 of 2nd period - John-Michael Liles is hit by Ryan Johansen and loses puck.
19:29 of 2nd period - Vladimir Sobotka is hit by Vincent Trocheck and loses puck.
Goals for this period are 1 for Oilers vs 1 for Kings.
Shots for this period are 6 for Oilers vs 15 for Kings.

3rd period


0:01 of 3rd period - Mika Zibanejad wins face-off versus Nicklas Backstrom in neutral zone.
0:12 of 3rd period - Cam Fowler is hit by Alexander Semin and loses puck.
0:29 of 3rd period - Icing by Tyler Seguin.
0:30 of 3rd period - Tyler Seguin wins face-off versus Vladimir Sobotka in Kings zone.
0:45 of 3rd period - Snap shot by Darren Helm.
0:45 of 3rd period - Stopped by Tuukka Rask with a rebound.
0:47 of 3rd period - Slapshot by Alexander Edler.
0:47 of 3rd period - Shot Misses the Net.
0:49 of 3rd period - Snap shot by Alexander Edler.
0:49 of 3rd period - Deflect By Keith Yandle.
0:49 of 3rd period - Stopped by Tuukka Rask with a rebound.
0:51 of 3rd period - Slapshot by Andrej Sekera.
0:51 of 3rd period - Stopped by Tuukka Rask without a rebound.
0:52 of 3rd period - Tomas Kopecky wins face-off versus Saku Koivu in Kings zone.
0:59 of 3rd period - Wrist shot by Brayden Schenn.
0:59 of 3rd period - Shot Blocked by Ladislav Smid.
1:07 of 3rd period - Wrist shot by Carl Soderberg.
1:07 of 3rd period - Shot Blocked by Kimmo Timonen.
2:39 of 3rd period - Keith Yandle is hit by Darren Helm and loses puck.
2:44 of 3rd period - Snap shot by Darren Helm.
2:44 of 3rd period - Stopped by Tuukka Rask without a rebound.
2:45 of 3rd period - Saku Koivu wins face-off versus Ryan Johansen in Kings zone.
3:02 of 3rd period - Wrist shot by Ryan Johansen.
3:02 of 3rd period - Shot Misses the Net.
3:04 of 3rd period - Slapshot by Henrik Tallinder.
3:04 of 3rd period - Stopped by Roberto Luongo with a rebound.
3:06 of 3rd period - Snap shot by Adam McQuaid.
3:06 of 3rd period - Stopped by Roberto Luongo without a rebound.
3:07 of 3rd period - Mikkel Boedker wins face-off versus Tomas Kopecky in Oilers zone.
3:14 of 3rd period - Slapshot by Darren Helm.
3:14 of 3rd period - Deflect By Vladimir Sobotka.
3:14 of 3rd period - Shot Misses the Net.
3:14 of 3rd period - Puck is out of play.
3:15 of 3rd period - Tomas Kopecky wins face-off versus Vladimir Sobotka in Kings zone.
3:15 of 3rd period - Tomas Kopecky is hit by Mikkel Boedker.
3:24 of 3rd period - Wrist shot by Carl Soderberg.
3:24 of 3rd period - Deflect By Ryan Johansen.
3:24 of 3rd period - Stopped by Roberto Luongo with a rebound.
3:26 of 3rd period - Slapshot by Cam Fowler.
3:26 of 3rd period - Stopped by Roberto Luongo with a rebound.
3:32 of 3rd period - Wrist shot by Ryan Johansen.
3:32 of 3rd period - Deflect By Carl Soderberg.
3:32 of 3rd period - Shot Misses the Net.
3:32 of 3rd period - Puck is out of play.
3:33 of 3rd period - Tyler Seguin wins face-off versus Nicklas Backstrom in Oilers zone.
3:36 of 3rd period - Snap shot by Milan Lucic.
3:36 of 3rd period - Stopped by Roberto Luongo with a rebound.
3:52 of 3rd period - Snap shot by Alexander Semin.
3:52 of 3rd period - Shot Misses the Net.
3:54 of 3rd period - Slapshot by Andrej Sekera.
3:54 of 3rd period - Shot Blocked by Ladislav Smid.
3:56 of 3rd period - Slapshot by Andrej Sekera.
3:56 of 3rd period - Stopped by Tuukka Rask with a rebound.
3:58 of 3rd period - Slapshot by Andrej Sekera.
3:58 of 3rd period - Deflect By Alexander Semin.
3:58 of 3rd period - Stopped by Tuukka Rask with a rebound.
4:00 of 3rd period - Slapshot by Andrej Sekera.
4:00 of 3rd period - Shot Misses the Net.
4:26 of 3rd period - Vladimir Sobotka is hit by Vladislav Namestnikov and loses puck.
5:13 of 3rd period - Slapshot by Carl Soderberg.
5:13 of 3rd period - Shot Misses the Net.
5:33 of 3rd period - Snap shot by Carl Soderberg.
5:33 of 3rd period - Shot Misses the Net.
5:58 of 3rd period - Milan Lucic is hit by Kimmo Timonen and loses puck.
7:09 of 3rd period - Henrik Tallinder is hit by Vladimir Sobotka and loses puck.
7:45 of 3rd period - Milan Lucic is hit by Alexander Semin and loses puck.
7:56 of 3rd period - Wrist shot by Ales Hemsky.
7:56 of 3rd period - Stopped by Tuukka Rask with a rebound.
8:33 of 3rd period - Snap shot by Darren Helm.
8:33 of 3rd period - Shot Hit the Post.
8:35 of 3rd period - Slapshot by Alexander Edler.
8:35 of 3rd period - Stopped by Tuukka Rask without a rebound.
8:36 of 3rd period - Tomas Kopecky wins face-off versus Vladimir Sobotka in Kings zone.
9:07 of 3rd period - Snap shot by Nicklas Backstrom.
9:07 of 3rd period - Shot Misses the Net.
9:09 of 3rd period - Snap shot by Nicklas Backstrom.
9:09 of 3rd period - Shot Misses the Net.
9:11 of 3rd period - Snap shot by Andrew Ladd.
9:11 of 3rd period - Shot Blocked by Henrik Tallinder.
11:39 of 3rd period - Wrist shot by Milan Lucic.
11:39 of 3rd period - Stopped by Roberto Luongo with a rebound.
13:08 of 3rd period - Snap shot by Milan Lucic.
13:08 of 3rd period - Stopped by Roberto Luongo with a rebound.
13:41 of 3rd period - Tomas Kopecky is hit by Kimmo Timonen and loses puck.
14:08 of 3rd period - Wrist shot by Tomas Kopecky.
14:08 of 3rd period - Shot Misses the Net.
14:54 of 3rd period - Andrew Ladd is hit by Mika Zibanejad and loses puck.
16:23 of 3rd period - Slapshot by Andrew Ladd.
16:23 of 3rd period - Shot Misses the Net.
17:32 of 3rd period - Andrej Sekera is hit by Adam McQuaid and loses puck.
17:50 of 3rd period - John-Michael Liles is hit by Adam McQuaid and loses puck.
18:43 of 3rd period - Snap shot by Ales Hemsky.
18:43 of 3rd period - Stopped by Tuukka Rask with a rebound.
18:45 of 3rd period - Slapshot by Alexander Edler.
18:45 of 3rd period - Shot Misses the Net.
19:05 of 3rd period - Slapshot by Alexander Semin.
19:05 of 3rd period - Shot Blocked by Keith Yandle.
19:07 of 3rd period - Wrist shot by Andrew Ladd.
19:07 of 3rd period - Deflect By Alexander Semin.
19:07 of 3rd period - Shot Misses the Net.
19:07 of 3rd period - Puck is out of play.
19:08 of 3rd period - Alexander Semin wins face-off versus Tomas Kopecky in Kings zone.
19:47 of 3rd period - Slapshot by Brayden Schenn.
19:47 of 3rd period - Stopped by Tuukka Rask without a rebound.
19:48 of 3rd period - Vladislav Namestnikov wins face-off versus Saku Koivu in Kings zone.
Goals for this period are 0 for Oilers vs 0 for Kings.
Shots for this period are 10 for Oilers vs 7 for Kings.

Overtime #1


0:01 of 1st overtime period - Tyler Seguin wins face-off versus Nicklas Backstrom in neutral zone.
0:04 of 1st overtime period - Kimmo Timonen is hit by Mika Zibanejad and loses puck.
0:11 of 1st overtime period - Slapshot by Cam Fowler.
0:11 of 1st overtime period - Stopped by Roberto Luongo without a rebound.
0:12 of 1st overtime period - Tyler Seguin wins face-off versus Nicklas Backstrom in Oilers zone.
0:43 of 1st overtime period - Backhand shot by Tyler Seguin.
0:43 of 1st overtime period - Stopped by Roberto Luongo without a rebound.
0:44 of 1st overtime period - Nicklas Backstrom wins face-off versus Tyler Seguin in Oilers zone.
1:01 of 1st overtime period - Snap shot by Tyler Seguin.
1:01 of 1st overtime period - Goal by Tyler Seguin - Oilers : 1 - Kings : 2.
Goals for this period are 0 for Oilers vs 1 for Kings.
Shots for this period are 0 for Oilers vs 3 for Kings.


Output by the SimonT Hockey Simulator (STHS) for Eric Dolegowski -- Original Page W3C XHTML 1.0 Valid
Hockey Simulator - Hockey Simulation - Hockey Manager